[Event "Slovakian ECo-C Extraliga 2024-25"]
[Site "Slovakia"]
[Date "2025.01.19"]
[Round "4.5"]
[White "Borosova, Zuzana"]
[Black "Borhy, Marcell"]
[Result "1-0"]
[Annotator "TA"]
[ECO "B70"]
[WhiteElo "2174"]
[BlackElo "2348"]
[PlyCount "109"]
[EventDate "2024.09.12"]
[EventType "team-tourn"]
[EventCountry "SVK"]
[SourceTitle "playchess.com"]
[Source "ChessBase"]
[SourceQuality "1"]
[TimeControl "5400+30"]

1. e4 c5 2. Nf3 d6 3. d4 cxd4 4. Nxd4 Nf6 5. Nc3 g6 6. f3 Nc6 7. Be3 h5 8. Qd2 Nxd4 {[%emt 0:00:07] White is slightly better.} 9. Bxd4 Bh6 10. Be3 Bxe3 11. Qxe3 Be6 12. Bb5+ Kf8 13. O-O Qa5 14. Ba4 Rc8 {[%emt 0:04:45][%cal Oc8c3] aiming for ...Rxc3!} 15. Bb3 Qc5 16. Rfe1 h4 17. Bxe6 fxe6 18. e5 dxe5 19. Rad1 (19. Qxc5 {simplifies} Rxc5 20. Re2 Kf7 21. Rae1) 19... Kf7 20. Rd2 Rh5 21. Qxc5 Rxc5 22. Ne4 Rd5 23. Rde2 Rf5 24. Nf2 {[%emt 0:01:37][%mdl 1024] White has compensation.} Ke8 25. Nd3 Nd7 26. Re3 a5 27. g4 hxg3 28. hxg3 b6 29. Kg2 Kd8 (29... Rf8 $14) 30. g4 $16 Rf6 31. Kg3 Kc7 32. Nxe5 Nxe5 33. Rxe5 Rxe5 (33... Kd6 $16 34. f4 Kd7) 34. Rxe5 {[%emt 0:00:01][%mdl 4096] Endgame. KR-KR} Kd6 35. f4 Rf8 36. Rg5 Rf6 37. b3 Kd7 38. c4 e5 39. Rxe5 ({Don't take} 39. fxe5 $6 Rc6 $14) 39... Rc6 (39... a4 $142 40. Kf3 (40. bxa4 Rc6 $16) 40... axb3 41. axb3 Rc6) 40. Rd5+ $18 Ke8 41. a4 Rc8 42. Kf3 Rc6 43. Ke4 Re6+ 44. Re5 Rc6 45. Rb5 Kd7 46. g5 Re6+ $2 (46... e6 47. Ke5 Ke7) 47. Kd4 Rd6+ 48. Ke4 $2 (48. Ke3 Rc6 49. Kd4) 48... Re6+ 49. Re5 {[%emt 0:00:49] [#] Hoping for Rxe6. White is clearly winning.} Rc6 50. f5 gxf5+ 51. Kxf5 Ke8 52. Re6 Rc5+ 53. Kf4 Kd7 54. Rxb6 e5+ 55. Ke4 {[%emt 0:00:06] Weighted Error Value: White=0.30/Black=0.19 (very precise) .  Mistake:       	---       	Black=4      Inaccurate:     	White=2     	Black=2      OK:         	White=15    	Black=16     Best:        	White=2     	Black=2} 1-0

[Event "Slovakian ECo-C Extraliga 2024-25"]
[Site "Slovakia"]
[Date "2025.01.19"]
[Round "4.5"]
[White "Bochnickova, Andrea"]
[Black "Istona, Martin"]
[Result "1/2-1/2"]
[Annotator "TA"]
[ECO "B31"]
[WhiteElo "2036"]
[BlackElo "2218"]
[PlyCount "150"]
[EventDate "2024.09.12"]
[EventType "team-tourn"]
[EventCountry "SVK"]
[SourceTitle "playchess.com"]
[Source "ChessBase"]
[SourceQuality "1"]
[TimeControl "5400+30"]

1. e4 c5 2. Nf3 Nc6 3. Bb5 g6 4. O-O Bg7 5. Re1 e5 6. Bxc6 dxc6 7. d3 Qe7 8. Be3 Nf6 9. h3 O-O 10. a4 Nd7 11. a5 Rd8 12. Nbd2 Nf8 13. Nc4 f6 14. Qe2 Be6 15. Nfd2 Bf7 16. Nb3 (16. f4 $142) 16... Ne6 $11 17. c3 Bf8 18. g3 Qc7 19. Red1 b5 20. axb6 axb6 21. Rxa8 Rxa8 22. d4 b5 23. Ncd2 cxd4 24. cxd4 exd4 25. Nxd4 Rd8 26. N2f3 Nxd4 27. Bxd4 Qd7 (27... Bc4 $15 28. Qe1 Qd6) 28. Rc1 Bc4 (28... Qxh3 $6 29. Bxf6 Re8 30. Ne5 $16 (30. Rxc6 Bd5 $11)) 29. Qe3 Qxh3 {[%emt 0:01:05] aiming for ...Bh6.} 30. b3 $2 (30. Bxf6 $11 {and White stays safe.} Rd3 31. Qf4) 30... Bf7 $2 {[%emt 0:00:31] This pair of bishops is nice.} (30... Bh6 $19 31. Qe1 Bxc1 (31... Bxb3 32. Rxc6 Re8 33. Rxf6 $11) 32. bxc4 Bh6 33. cxb5 cxb5 34. Bxf6 Rf8) 31. Bxf6 $16 (31. Rxc6 Qh5 $14) 31... Ra8 $2 (31... Bh6 $16 {was necessary.} 32. Ng5 (32. Bg5 Bxg5 33. Qxg5 Qd7 $16) 32... Bxg5 33. Qxg5 Rd7) 32. Ng5 $18 (32. Rxc6 $6 Qd7 33. Rb6 b4 $18) 32... Qd7 33. Nxf7 $2 (33. Nxh7 $18 Qe6 (33... Kxh7 $2 34. Kg2 $18) 34. Kg2 (34. Nxf8 Qxf6 35. Nd7 Qd6 $18)) 33... Kxf7 $14 34. Bb2 Bg7 {[%emt 0:00:42] Prevents Qc3.} 35. Bxg7 Kxg7 $16 {[%emt 0:00:02][%mdl 4096] Endgame KQR-KQR} 36. Qc3+ Kf7 37. Qxc6 Qxc6 38. Rxc6 $14 {[%emt 0:00:04] KR-KR. White is a pawn up.} Ra1+ 39. Kg2 Rb1 40. Rc7+ Kf6 ({Black should try} 40... Kg8 $14) 41. Rxh7 $18 Rxb3 {[%emt 0:00:30] [#]} 42. f4 $1 g5 43. Rh6+ Kg7 44. Rb6 (44. fxg5 $16 {White wants to play Re6.} Re3 45. Re6) 44... b4 $2 (44... g4 $11) 45. f5 (45. fxg5 $18 {has better winning chances.} Re3 46. Rxb4) 45... Re3 $16 46. Rg6+ (46. Rxb4 $16 g4 47. Kf2 Rf3+ 48. Kg2) 46... Kf7 $11 47. Rxg5 b3 {[%emt 0:00:32][%cal Ob3b2] ( -> ...b2!)} 48. Rg6 Rxe4 49. Rb6 {[%emt 0:00:00] Wards off Rb4} b2 $2 50. Rxb2 $2 (50. Kf3 $1 $18 Rd4 51. g4 (51. Rxb2 Kf6 $14)) 50... Kf6 $14 51. Rf2 $1 Ra4 52. Kh3 Rb4 53. g4 (53. Rf3 $14) 53... Rb8 $2 (53... Kg5 $11) 54. Kh4 $18 Rh8+ 55. Kg3 Ra8 {[%emt 0:00:13] [#]} 56. Rf3 $2 (56. Rh2 $1 $18 ) 56... Rb8 (56... Kg5 $11) 57. Re3 Kg5 58. Rf3 Kf6 ({Wrong is} 58... Rb4 $2 59. f6 $18) 59. Rf4 Ra8 60. Re4 {[%emt 0:00:46] Black must now prevent Kf4.} Kg5 61. Kf3 Ra3+ 62. Re3 (62. Ke2 $14) 62... Ra4 $11 63. Re4 (63. Re8 $11 Rf4+ 64. Ke3 Rxg4 65. Rg8+ Kxf5 66. Rxg4 Kxg4) 63... Ra3+ $14 64. Kf2 Rb3 65. Ra4 Rc3 66. Rd4 Ra3 67. Ke2 Rg3 68. Kf2 Ra3 69. Re4 Rb3 70. Re3 {[%emt 0:00:06] Against Rc3} (70. Ke2 $14) 70... Rb2+ (70... Rb4 $11) 71. Kf3 $1 Rb4 72. Re6 ({Better is} 72. Re4 $14 Rb3+ 73. Ke2) 72... Rf4+ $11 73. Ke3 {[%emt 0:00:11] Rg6+ would kill now.} Rxg4 74. Rg6+ Kxf5 75. Rxg4 Kxg4 1/2-1/2

[Event "Slovakian ECo-C Extraliga 2024-25"]
[Site "Slovakia"]
[Date "2025.01.19"]
[Round "4.6"]
[White "Jablonicky, Martin"]
[Black "Toth Ervin"]
[Result "1-0"]
[Annotator "TA"]
[ECO "E94"]
[WhiteElo "2418"]
[BlackElo "2403"]
[PlyCount "79"]
[EventDate "2024.09.12"]
[EventType "team-tourn"]
[EventCountry "SVK"]
[SourceTitle "playchess.com"]
[Source "ChessBase"]
[SourceQuality "1"]
[TimeControl "5400+30"]

1. e4 g6 2. d4 Bg7 3. Nf3 d6 4. c4 Nf6 5. Nc3 O-O 6. Be2 e5 7. O-O exd4 8. Nxd4 Re8 9. f3 Nbd7 10. Bg5 c6 11. Kh1 a5 12. Qd2 {[%emt 0:02:10] E94: King's Indian: Classical: 6 Be2 e5 7 0-0: Various Black 7th moves.} Qb6 13. Be3 Qc7 14. g4 $146 {[%emt 0:03:24][%cal Bg2g4,Bg4f5][%mdl 32] White is better.} (14. Rad1 Nc5 15. Nc2 Nfd7 16. Bd4 Bf8 17. b3 Ne6 18. Bf2 Ndc5 19. Bg3 Qe7 20. Qe1 Qc7 21. h3 {½-½ Nechaev,A (2324)-Vertiz Gutierrez,P (2318) CUB-RUS email 2018 [18]}) 14... Nc5 15. Rad1 Bf8 {[%emt 0:02:37] [#]} (15... h5 $14) 16. Nf5 $1 Bxf5 17. gxf5 Rad8 18. Bg5 Bg7 19. Qf4 Qe7 20. Qh4 {[%emt 0:01:59] White is more active.} gxf5 $2 {[%emt 0:13:09][%csl Of5,Of7,Oh7] Black has weak pawns} ({Black should try} 20... h6 $14 21. Bxh6 Nfxe4 22. Qxe7 Rxe7 23. Bxg7 Nxc3 24. Bxc3 Rxe2) 21. Rg1 Kh8 22. exf5 Rg8 23. Rg3 Qe5 24. Rd4 {[%emt 0:00:25] Rh3 would now be deadly.} Ncd7 {[%emt 0:03:25][%cal Of6h5] [#]} 25. Rh3 $1 Nf8 26. Bd3 (26. Rd1 $142 d5 27. cxd5 (27. Ne4 dxe4 28. Rxd8 Qxf5 $16)) 26... Re8 27. Ne2 d5 28. cxd5 cxd5 (28... c5 $16 29. Bf4 Qe7) 29. Bd2 Qd6 (29... Rc8 $16 30. Qg5 (30. Bxa5 Rc2 $16) 30... b6) 30. Bc3 h6 31. Nf4 N8h7 32. Rg3 (32. Bxa5 $6 Ra8 33. Bc3 Rxa2 $16) 32... Qb6 33. Rg6 Qd8 $2 (33... a4 34. a3 (34. Nxd5 Qc6 $11) 34... Rc8) 34. Rg1 Qb6 35. a4 (35. Nxd5 $2 Nxd5 36. Rdg4 (36. Rxd5 $2 {is a self mate.} Qxg1+ 37. Kxg1 Bd4+ 38. Kh1 Rg1#) 36... Nxc3 37. bxc3 Bxc3 38. Rxg8+ Rxg8 $19) 35... Bf8 $2 (35... Re3 36. Qf2 (36. Nxd5 Nxd5 37. Rxd5 Bxc3 $11) 36... Ree8) 36. Rxg8+ $18 (36. Nxd5 $2 {too greedy.} Rxg1+ 37. Kxg1 Nxd5 $19) 36... Kxg8 37. Nxd5 Nxd5 {[%emt 0:01:19] [#]} 38. Rg4+ $1 {[%emt 0:00:24][%cal Bd4g4,Bg4g7,Bg7h7][%mdl 32] White mates.} Bg7 39. Rxg7+ Kf8 40. Rxh7 {[%emt 0:00:28] Weighted Error Value: White=0.24 (precise) /Black=0.65  Loses game:     	---       	Black=1      Mistake:       	White=1     	Black=5      Inaccurate:     	White=3     	Black=1      OK:         	White=5     	Black=7      Best:        	White=2     	Black=2      Strong:       	White=1     	---} 1-0

[Event "Slovakian ECo-C Extraliga 2024-25"]
[Site "Slovakia"]
[Date "2025.01.19"]
[Round "4.6"]
[White "Varga, Zoltan"]
[Black "Molnar, Erno"]
[Result "1-0"]
[Annotator "TA"]
[ECO "E06"]
[WhiteElo "2304"]
[BlackElo "2220"]
[PlyCount "78"]
[EventDate "2024.09.12"]
[EventType "team-tourn"]
[EventCountry "SVK"]
[SourceTitle "playchess.com"]
[Source "ChessBase"]
[SourceQuality "1"]
[TimeControl "5400+30"]

1. d4 Nf6 2. c4 e6 3. Nf3 d5 4. g3 Be7 5. Bg2 O-O 6. Nc3 c6 7. O-O b6 8. Ne5 Bb7 9. e4 Nxe4 {[%emt 0:14:04] E06: Closed Catalan: Early deviations.} 10. Nxe4 dxe4 11. Bxe4 f6 {[%emt 0:02:57] White is slightly better.} 12. Nf3 (12. Ng6 $14 Re8 (12... hxg6 $2 13. Bxg6 $18) 13. Nxe7+ Rxe7 14. Re1) 12... f5 $11 13. Bc2 c5 $146 (13... Nd7 14. Qe2 c5 15. Qxe6+ Kh8 16. Ne5 Nxe5 17. dxe5 Qc7 18. Bf4 Rad8 19. Ba4 g5 {1-0 Splichal,S (2021)-Schoupal,P (1951) CZE-chT2F 2223 2022 (11)}) 14. Qe2 (14. Re1 {simplifies} Nc6 15. Qe2 Qd7 16. Qxe6+ Qxe6 17. Rxe6 Nb4 18. Bd1) 14... cxd4 (14... Kh8 $11) 15. Qxe6+ $16 Kh8 16. Ne5 Qe8 {[%emt 0:15:46] [#] and ...Rf6 would now be decisive Against Nf7+} 17. Ba4 $1 {[%emt 0:32:58] White is much more active. The black rooks are passive.} Rf6 18. Qxf6 (18. Bxe8 Rxe6 19. Re1 Be4) 18... gxf6 19. Bxe8 fxe5 20. b3 Kg7 $1 21. Bb2 Bc5 (21... Bf3 $11) 22. a3 Bf3 23. Rfe1 Kf6 24. b4 Bf8 25. Ba4 Nc6 (25... a5 $16) 26. Bxc6 $18 Bxc6 27. f4 exf4 28. Rad1 fxg3 29. hxg3 (29. Bxd4+ Kf7 30. hxg3 Be4 $18) 29... Be4 30. Rxd4 (30. Bxd4+ Kf7 31. Be3 a5) 30... Kg5 31. Kf2 a5 32. Bc3 Bg7 $2 (32... axb4 $16 {is more resistant.} 33. axb4 (33. Bxb4 Bc5 $14) 33... Ra2+ 34. Re2 Ra3 35. Bd2+ Kf6) 33. Bd2+ $2 (33. Rexe4 $1 $18 {and the rest is easy.} fxe4 34. Rd5+ Kg6 35. Rd6+ Kf7 36. Rd7+ Ke6 37. Rxg7) 33... Kg4 $16 34. Rd7 Be5 {[%emt 0:00:15] [#]} 35. Rg1 (35. Rxh7 $6 Bxg3+ 36. Ke2 Bxe1 37. Rg7+ Kh5 38. Kxe1 axb4 39. axb4 Ra2 $11) ({White should try} 35. Re3 $1 $16 {Strongly threatening bxa5.} axb4 36. Bxb4 (36. Rxh7 Bd4 $16)) 35... h5 (35... axb4 $11 36. Rxh7 (36. Bxb4 Rc8 $11) 36... Bd4+ 37. Be3 Bxe3+ 38. Kxe3 Rxa3+ 39. Kd4 Rd3+ (39... Rxg3 $2 {loses.} 40. Rg7+ Kf4 41. R7xg3 $18) 40. Ke5 b5 (40... Rxg3 $2 41. Rg7+ Kf3 42. R1xg3+ $18)) 36. bxa5 bxa5 37. Re7 Bf6 {[%emt 0:01:29] [#]} (37... Rd8 $16 38. Be3 (38. Bxa5 Bd4+ 39. Ke2 Bf3+ 40. Kf1 Ra8 $11) 38... Bc3) 38. Re6 $1 $18 Rd8 (38... Bb2 {was necessary.} 39. Rg6+ Kh3) 39. Be3 (39. Bxa5 Bd4+ 40. Ke2 Bf3+ 41. Kf1 Rc8 $11) 39... Kh3 $2 {[%emt 0:00:06] Weighted Error Value: White=0.43/Black=0.53  Loses game:     	---       	Black=2      Missed win:     	White=1     	---        Mistake:       	White=2     	Black=6      Inaccurate:     	White=3     	---        OK:         	White=8     	Black=6      Best:        	White=4     	Black=4      Strong:       	White=1     	Black=1      Brilliant:      	White=1     	---} (39... Bd4 40. Rg6+ Kh3) 1-0

[Event "Slovakian ECo-C Extraliga 2024-25"]
[Site "Slovakia"]
[Date "2025.01.19"]
[Round "4.6"]
[White "Plachetka, Jan"]
[Black "Striskova, Lucia"]
[Result "1/2-1/2"]
[Annotator "TA"]
[ECO "D61"]
[WhiteElo "2278"]
[BlackElo "2074"]
[PlyCount "95"]
[EventDate "2024.09.12"]
[EventType "team-tourn"]
[EventCountry "SVK"]
[SourceTitle "playchess.com"]
[Source "ChessBase"]
[SourceQuality "1"]
[TimeControl "5400+30"]

1. d4 Nf6 2. Nf3 d5 3. c4 e6 4. Nc3 Be7 5. Bg5 O-O 6. e3 Nbd7 7. Qc2 b6 8. cxd5 exd5 9. Bd3 c5 10. O-O h6 11. Bh4 Re8 12. Rad1 Bb7 13. Ne5 (13. Bf5 $14 {feels stronger.}) 13... Nxe5 14. dxe5 Ng4 15. Bg3 Bh4 $1 16. Bh7+ Kh8 17. Bf5 Bxg3 18. hxg3 Nxe5 19. Nxd5 Bxd5 20. e4 {[%emt 0:00:11] [#]} Nc6 $1 21. Rxd5 Qf6 22. Bd7 Nd4 23. Rxd4 Qxd4 24. Bxe8 Rxe8 $15 {[%emt 0:00:10][%mdl 4096] Endgame KQR-KQR} 25. Re1 f5 26. Kf1 Rxe4 27. Rxe4 fxe4 $17 {[%emt 0:00:29] KQ-KQ. Black is a pawn up.} (27... Qxe4 $6 28. Qxe4 fxe4 29. Ke2 $11) 28. b3 $2 (28. Kg1 $17) 28... b5 (28... Qd3+ $142 29. Qxd3 exd3) 29. f3 $2 (29. Kg1) 29... Qd3+ $19 30. Qe2 c4 $2 (30... Qxe2+ $19 31. Kxe2 exf3+ 32. Kxf3 Kh7) 31. bxc4 $17 bxc4 {[%emt 0:00:06] ...c3 would now be deadly.} 32. fxe4 {[%emt 0:00:17] Strongly threatening Qxd3.} Qb1+ ({Much weaker is} 32... Qxg3 33. Qxc4 Qg5 34. Kf2 $11) 33. Kf2 c3 {[%emt 0:00:40] ( -> ...c2)} 34. Qc4 {[%emt 0:00:48] [#]} Qc2+ $1 35. Kf3 Qd1+ 36. Kf2 {[%emt 0:05:26] [#]} c2 (36... Qd2+ $1 $17 37. Kf3 Kh7) 37. Qc8+ $11 Kh7 38. Qf5+ Kg8 39. Qe6+ Kf8 {[%emt 0:01:01] ( -> ...Qd4+)} 40. Qf5+ Ke8 41. Qe5+ Kd7 (41... Kf7 $5 42. Qf5+ $8 Ke7 (42... Kg8 43. Qc8+ Kf7 44. Qf5+ Ke7 45. Qc5+ Kd7 46. Qb5+ Ke6 47. Qe8+ Kd6 48. Qb8+ Kd7 49. Qb5+ Ke6 50. Qe8+ Kf6 51. Qf8+ Ke6 52. Qg8+ Kf6 53. Qf8+ Ke5 54. Qe7+ Kd4 55. Qxa7+ Kd3 56. Qa3+ Kc4 57. Qb3+ Kc5 58. Qc3+ Kd6 59. Qb4+ Kd7 60. Qb5+ Kd6 61. Qb4+ Ke6 62. Qc4+ Ke7 63. Qc7+ Kf6 64. Qf4+ Ke6 65. Qf5+ Kd6 66. Qf8+ Kd7 67. Qxg7+ Kc6 68. Qc3+ Kb6 69. Qb4+ Kc6 70. Qc3+ Kd7 71. Qg7+ Kc6 72. Qc3+ $11) 43. Qc5+ Kd8 44. Qa5+ Kd7 45. Qf5+ Kd6 46. Qf8+ Kc6 47. Qc8+ Kb6 48. Qb8+ Ka6 49. Qc8+ Kb6 $11) 42. Qxg7+ Kc6 43. Qc3+ $1 Kb7 44. Qb4+ Kc7 45. Qc5+ Kb7 46. Qb4+ Kc7 47. Qc5+ Kb7 48. Qb5+ 1/2-1/2

[Event "Slovakian ECo-C Extraliga 2024-25"]
[Site "Slovakia"]
[Date "2025.01.19"]
[Round "4.6"]
[White "Briestensky, Rastislav"]
[Black "Vojtek, Vladimir"]
[Result "*"]
[Annotator "TA"]
[ECO "C46"]
[WhiteElo "2251"]
[BlackElo "2245"]
[PlyCount "25"]
[EventDate "2024.09.12"]
[EventType "team-tourn"]
[EventCountry "SVK"]
[SourceTitle "playchess.com"]
[Source "ChessBase"]
[SourceQuality "1"]
[TimeControl "5400+30"]

1. e4 e5 2. Nc3 Nc6 3. Nf3 d6 {[%emt 0:00:06] C42: Petroff Defence: 3 Nxe5 and unusual White 3rd moves.} 4. h3 Nf6 5. d4 {[%emt 0:01:39] A rather calm draw.} Bd7 $146 6. g4 h6 7. Bg2 Be7 8. Be3 a6 9. a4 b6 10. Qd2 Rb8 11. d5 Na5 12. Bf1 Ra8 13. Bd3 {0-1 Vallejo Pons,F (2710)-Radjabov,T (2747) Krasnogorsk Blitz 2023 (11)} *

[Event "Slovakian ECo-C Extraliga 2024-25"]
[Site "Slovakia"]
[Date "2025.01.19"]
[Round "4.6"]
[White "Vojtek, Vladimir"]
[Black "Briestensky, Rastislav"]
[Result "1/2-1/2"]
[Annotator "TA"]
[ECO "C46"]
[WhiteElo "2245"]
[BlackElo "2251"]
[PlyCount "92"]
[EventDate "2024.09.12"]
[EventType "team-tourn"]
[EventCountry "SVK"]
[SourceTitle "playchess.com"]
[Source "ChessBase"]
[SourceQuality "1"]
[TimeControl "5400+30"]

1. e4 e5 2. Nc3 Nc6 3. Nf3 d6 4. h3 Nf6 5. d4 Be7 6. Be2 O-O 7. Be3 a6 8. d5 Nb8 9. g4 c5 10. dxc6 (10. a4 $14) 10... bxc6 $11 11. g5 Ne8 12. Qd2 Nc7 13. O-O-O Nb5 14. a4 Nxc3 15. Qxc3 Be6 16. h4 Qe8 17. h5 {[%emt 0:02:26] White has more active pieces. The black rooks are passive.} c5 (17... Nd7 $16) 18. Nh4 $2 ({White should play} 18. h6 $1 $18 {[%cal Rh6g7] Threatens to win with hxg7.} Qxa4 19. hxg7 Kxg7 20. b3 Qa3+ 21. Kb1) 18... Nc6 19. Nf5 Nd4 20. Bg4 (20. Bd3 $1 $11 {remains equal.}) 20... Bxf5 (20... Qxa4 21. Nxe7+ Kh8 22. Bxd4 cxd4 23. Qg3 Qa1+ (23... Bxg4 24. Qxg4 Qa1+ 25. Kd2 $16) 24. Kd2 Qa5+ 25. c3 $14) (20... d5 $17 21. Qa3 Bxf5 22. exf5 c4) 21. exf5 Qxa4 22. f6 (22. b3 $15 Qa3+ (22... Nxb3+ 23. Qxb3 Qxg4 24. f6 $11) 23. Qb2 Qxb2+ 24. Kxb2) 22... Nb5 (22... gxf6 $19 23. gxf6 Bxf6) 23. Qd3 Qxg4 24. fxe7 Rfe8 25. g6 $1 Qe6 26. Rdg1 (26. gxh7+ Kh8 $18) (26. gxf7+ $142 Qxf7 27. Qe4 (27. h6 g6 $11)) 26... e4 (26... Qxe7 $2 27. gxf7+ (27. gxh7+ Kh8 $11) 27... Qxf7 28. Bh6 $18) (26... Rxe7 $17 27. gxh7+ Kh8) 27. gxf7+ (27. gxh7+ Kxh7 28. Qe2 Rxe7 $19 (28... Qxe7 29. Rg6 $17)) (27. Qf1 $1 $15) 27... Kxf7 $17 28. Qe2 Rxe7 (28... Qxe7 29. Rg4 Qe6 30. Rhg1 $16) 29. Rh4 Nd4 ({Black should play} 29... Kg8 {and ...Qa2 would now be decisive} 30. h6 g6) 30. Bxd4 cxd4 31. h6 g6 (31... gxh6 $2 32. Qh5+ Kf8 33. Rf4+ Rf7 34. Rxf7+ Qxf7 35. Qxh6+ Ke8 36. Rg7 $18 (36. Qxd6 d3 $18)) 32. Rgg4 $2 (32. f3 $17 {keeps fighting.} e3 (32... d5 33. fxe4 Kg8 34. e5 $15) 33. Rxd4) 32... d5 $19 33. f3 d3 34. Qe3 $2 (34. cxd3 e3 35. Kb1) 34... Rc8 35. c3 Rc4 36. Qf4+ Qf6 37. Qb8 g5 $1 {[%emt 0:03:44][%cal Oe4f3] Dodges Rf4} (37... Qxf3 $2 38. Rf4+ Ke6 39. Rxf3 exf3 40. Rh3 $18 (40. Qg8+ Rf7 $18)) 38. Rf4 gxf4 39. Rxf4 {[%emt 0:00:00] [#]} e3 $2 40. Rxf6+ $11 Kxf6 {[%emt 0:00:33][%mdl 4096] Endgame KQ-KRR} 41. Qf8+ Ke6 42. Qg8+ Ke5 43. Qh8+ $2 {[%emt 0:00:00][%mdl 8192] [#]} (43. Qg5+ $11 Kd6 44. Qf6+ Kd7 (44... Re6 45. Qd8+ Ke5 46. Qg5+ Kd6 47. Qd8+ Ke5 48. Qg5+ Kd6 49. Qd8+ $11) 45. Qf5+ Kc7 46. Qf6) 43... Ke6 $2 (43... Kf4 $1 $19 {[%cal Rf4g3] ( -> ...Kg3!)} 44. Qf6+ Kg3 45. Qxe7 Kf2) 44. Qg8+ Kd6 45. Qd8+ $1 Ke6 46. Qg8+ Ke5 1/2-1/2

[Event "Slovakian ECo-C Extraliga 2024-25"]
[Site "Slovakia"]
[Date "2025.01.19"]
[Round "4.6"]
[White "Kantorik, Marian"]
[Black "Schwarz, Dusan"]
[Result "0-1"]
[Annotator "TA"]
[ECO "D45"]
[WhiteElo "2171"]
[BlackElo "2264"]
[PlyCount "96"]
[EventDate "2024.09.12"]
[EventType "team-tourn"]
[EventCountry "SVK"]
[SourceTitle "playchess.com"]
[Source "ChessBase"]
[SourceQuality "1"]
[TimeControl "5400+30"]

1. d4 d5 2. c4 c6 3. Nf3 Nf6 4. Nc3 e6 5. e3 Nbd7 6. Qc2 Bd6 7. g4 Bb4 8. Bd2 Qe7 9. Rg1 Bxc3 10. Bxc3 Ne4 11. Bd3 Nxc3 12. Qxc3 dxc4 13. Bxc4 b6 14. O-O-O (14. d5 $142 exd5 15. Qxg7 Qb4+ 16. Kd1) 14... O-O $11 15. Kb1 Bb7 16. g5 Rfd8 (16... c5 $15 17. Nd2 cxd4 18. exd4 Qd6) 17. e4 a5 18. Qe3 c5 19. d5 exd5 20. Bxd5 Nf8 21. h4 Bxd5 22. exd5 Qxe3 23. fxe3 Re8 $1 24. Rd3 Re4 25. h5 Rae8 26. Re1 (26. Nd2 $11 Rh4 (26... Rxe3 27. Rxe3 Rxe3 28. Nc4 $11) 27. h6) 26... Nd7 $15 27. d6 g6 (27... Rg4 $17) 28. h6 ({White should try} 28. hxg6 $15 hxg6 29. Kc2) 28... R8e6 29. b3 Rg4 30. Rg1 Rge4 31. Re1 f5 32. gxf6 Rxf6 33. Nd2 Rh4 34. Nc4 Rxh6 35. Nxb6 $2 Nxb6 $19 36. d7 {[%emt 0:00:04] [#]} Nxd7 $1 37. Rxd7 {[%emt 0:00:03][%mdl 4096] Endgame KRR-KRR. Black is a pawn up.} Rh2 {[%emt 0:01:31] Against Re2} 38. Ra7 (38. e4 $142 Rff2 39. Rd8+ Kf7 40. e5) 38... h5 39. e4 Rf7 40. Rxa5 h4 41. e5 {[%emt 0:01:20][%cal Oe5e6] [#]} Rff2 $1 42. Ra7 $2 (42. e6 Re2 43. Rd1) 42... Rb2+ 43. Ka1 Rbe2 44. Rd1 Rd2 ({Not} 44... Rxe5 45. Rd8+) 45. Re1 Rhe2 46. Rg1 Kf8 (46... Rxe5 $2 47. Rxg6+ Kf8 48. Ra8+ Kf7 49. Rg1 $19) 47. Ra8+ Kg7 {[%emt 0:00:00][%cal Oh4h3] White must now prevent ...h3!.} 48. Ra6 Rg2 ({Less strong is} 48... Rxe5 49. Raxg6+ Kf8 50. Rh6 $11) 0-1

[Event "Slovakian ECo-C Extraliga 2024-25"]
[Site "Slovakia"]
[Date "2025.01.19"]
[Round "4.7"]
[White "Farkas Gabor"]
[Black "Pacher, Milan"]
[Result "1/2-1/2"]
[Annotator "TA"]
[ECO "D02"]
[WhiteElo "2323"]
[BlackElo "2317"]
[PlyCount "74"]
[EventDate "2024.09.12"]
[EventType "team-tourn"]
[EventCountry "SVK"]
[SourceTitle "playchess.com"]
[Source "ChessBase"]
[SourceQuality "1"]
[TimeControl "5400+30"]

1. d4 d5 2. Nf3 Nf6 3. Bf4 c5 4. e3 Nc6 5. Bb5 e6 ({Better is} 5... Qa5+ $1 $15 6. Nc3 Bd7) 6. O-O {[%emt 0:01:59] D02: 1 d4 d5 2 Nf3 sidelines, including 2...Nf6 3 g3 and 2...Nf6 3 Bf4.} Qb6 7. Nc3 cxd4 $146 (7... Bd7 8. Be2 cxd4 9. exd4 Rc8 10. Rb1 Be7 11. h3 O-O 12. a3 a6 13. Bd3 Na5 {1-0 Nassr,A (2263)-Miswadah,B (1928) Arab-ch Dubai 2018 (2)}) 8. exd4 {[%emt 0:01:03] The position is equal.} (8. Qxd4 {simplifies} Qxd4 9. exd4 Bd7 10. a3) 8... a6 (8... Bd7 $11) 9. Bxc6+ $14 Qxc6 10. Ne5 Qb6 11. Qd3 Be7 12. a4 O-O 13. Rfe1 Nd7 14. a5 Qd8 15. Re3 Nxe5 16. dxe5 Bd7 17. Rh3 g6 $1 {[%emt 0:00:06] Black is weak on the dark squares} 18. Qg3 Rc8 19. Rh6 Rc4 20. Ne2 (20. Bd2 $1 $11) 20... Re4 (20... Rxc2 21. Nd4 Rxb2 22. Qh3 $16) 21. Be3 Qc7 22. Nc3 Rb4 $36 {[%emt 0:03:38][%cal Od5d4][%mdl 2048] Strongly threatening ...d4!. Black is in control.} 23. Bb6 Qc4 24. Qh3 {[%emt 0:01:51] Strongly threatening Na2.} Qg4 $1 (24... Rxb2 $2 25. Rxh7 $18) 25. b3 Qxh3 26. Rxh3 Rc8 27. Rd3 f6 28. Rad1 (28. Na2 $17 Re4 29. exf6 Bxf6 30. c3) 28... fxe5 $19 29. g3 e4 30. Rxd5 {[%emt 0:00:21] [#]} exd5 (30... Be8 $1 $19 31. Rd8 Bxd8 (31... Rxc3 $2 {loses.} 32. Rxe8+ Kf7 33. Rh8 $18) 32. Rxd8 Rxd8 (32... Rxc3 33. Rxe8+ Kf7 34. Rb8 $17) 33. Bxd8 Rd4) 31. Nxd5 $15 {[%emt 0:00:07] [#]} Bg4 32. Nxe7+ $11 Kg7 33. Nxc8 Bxd1 34. Bc5 Rb5 35. b4 Bxc2 36. Nd6 Kf6 37. Nxb5 axb5 {[%emt 0:00:03] Weighted Error Value: White=0.15 (very precise) /Black=0.19 (very precise)   Mistake:       	White=2     	Black=3      Inaccurate:     	White=4     	Black=3      OK:         	White=8     	Black=17     Best:        	White=5     	---        Strong:       	---       	Black=2} 1/2-1/2